 Dungeon Crawl Stone Soup version 0.31.0-10-gcf4a605ca0 (webtiles) character file.

Game seed: 1926445480358437578

1876 greynaab the Mimic (level 9, -2/84 HPs)
             Began as an Octopode Berserker on Jan 25, 2024.
             Was a Believer of Trog.
             Slain by a sky beast (6 damage)
             ... on level 6 of the Dungeon.
             The game lasted 00:12:40 (5252 turns).

greynaab the Mimic (Octopode Berserker)             Turns: 5252, Time: 00:12:41

Health: -2/84      AC:  1    Str: 20    XL:     9   Next: 14%
Magic:  9/9        EV: 15    Int: 16    God:    Trog [**....]
Gold:   348        SH:  0    Dex: 17    Spells: 8/8 levels left

rFire   . . .        n - +0 quarterstaff
rCold   . . .        (shield currently unavailable)
rNeg    + . .        u - +0 hat
rPois   .            v - amulet of faith
rElec   .            i - ring of Ragapuc {rN+ Str+4 Int+6 Dex+2}
rCorr   .            (no ring)
SInv    .            (no ring)
Will    .....        (no ring) Stlth
                     (no ring)
HPRegen 0.34/turn    (no ring)
MPRegen 0.11/turn    (no ring)
                     (no ring)

%: faith
@: berserking, very quick
A: almost no armour, amphibious, 8 rings, camouflage 1, gelatinous body 1,
(nimble swimmer 1), tentacles
a: Renounce Religion, Berserk, Trog's Hand


You were on level 6 of the Dungeon.
You worshipped Trog.
Trog was pleased with you.
You visited 1 branch of the dungeon, and saw 6 of its levels.

You collected 348 gold pieces.

Inventory:

Hand Weapons
 a - a +0 spear
 n - a +0 quarterstaff (weapon)
Missiles
 e - 4 atropa-tipped darts (quivered)
 p - 6 poisoned darts
Armour
 u - a +0 hat (worn)
Jewellery
 i - the ring of Ragapuc (left tentacle) {rN+ Str+4 Int+6 Dex+2}
   (You acquired it on level 4 of the Dungeon)

   [ring of intelligence]

   Str+4:     It affects your strength (+4).
   Int+6:     It affects your intelligence (+6).
   Dex+2:     It affects your dexterity (+2).
   rN+:       It protects you from negative energy.
 v - an amulet of faith (around mantle)
Talismans
 h - a blade talisman
Scrolls
 c - 2 scrolls of teleportation
 d - 2 scrolls of noise
 f - a scroll of immolation
 j - 2 scrolls of fog
 q - 2 scrolls of poison {unknown}
 r - a scroll of blinking {unknown}
 t - a scroll of enchant weapon {unknown}
Potions
 b - a potion of cancellation
 g - a potion of degeneration {unknown}
 k - 2 potions of enlightenment {unknown}
 l - 4 potions of curing {unknown}
 m - a potion of lignification {unknown}
 o - a potion of mutation {unknown}
 s - a potion of heal wounds {unknown}
 x - a potion of haste {unknown}


   Skills:
 - Level 3.0 Fighting
 - Level 4.0 Polearms
 - Level 4.0 Dodging
 + Level 6.3 Unarmed Combat
 * Level 8.0 Shapeshifting


You had 8 spell levels left.
You didn't know any spells.
Your spell library was empty.

Dungeon Overview and Level Annotations

Branches:
Dungeon (6/15) Zot: 26206  Temple (0/1) D:4

Altars:
Cheibriados


Innate Abilities, Weirdness & Mutations

You cannot wear most types of armour.
You are amphibious.
You can wear up to eight rings at the same time.
Your skin changes colour to match your surroundings (Stealth+).
Your rubbery body absorbs attacks. (AC +1, EV +1)
((You are camouflaged when in or above water. (Stealth+)))
You have tentacles for arms and can constrict up to eight enemies at once.


Message History

The sky beast is severely wounded.
The sky beast hits you but does no damage.
You hit the sky beast but do no damage. You squeeze the sky beast.
The sky beast is severely wounded.
The sky beast barely misses you.
You hit the sky beast.
The sky beast is almost dead.
The sky beast misses you.
You barely miss the sky beast.
The sky beast is almost dead.
The sky beast misses you.
You closely miss the sky beast.
The sky beast is almost dead.
The sky beast closely misses you. The sky beast hits you.
The sky beast shocks you.
You closely miss the sky beast.
The sky beast is almost dead.
The sky beast closely misses you.
You closely miss the sky beast.
The sky beast is almost dead.
The sky beast flickers out of sight!
Deactivating autopickup; reactivate with Ctrl-A.
Something hits you but does no damage.
You closely miss something. Something hits you. Something shocks you.
You miss something. Something hits you. Something shocks you.
You miss something. Your squeeze misses something.
A sky beast appears from thin air!
Reactivating autopickup.
The sky beast hits you. The sky beast shocks you.
* * * LOW HITPOINT WARNING * * *
The sky beast hits you.
* * * LOW HITPOINT WARNING * * *
The sky beast shocks you.
* * * LOW HITPOINT WARNING * * *
Unknown command.
A red film seems to cover your vision as you go berserk!
You feel yourself moving faster!
You feel mighty! The sky beast hits you.
* * * LOW HITPOINT WARNING * * *
The sky beast shocks you.
You die...

♣♣♣...♣♣♣♣
♣♣♣♣....♣♣
♣♣♣.....♣♣♣
♣....♣♣♣♣
♣♣..♣♣♣
♣..♣♣
♣♣..♣♣♣♣
♣♣....♣
♣.@.♣♣♣
♣.Y.♣
....♣♣
♣♣♣♣♣♣


You could see a sky beast.

Vanquished Creatures
  A troll (D:6)
  Sigmund (D:3)
  A water moccasin (D:6)
  An orc warrior (D:4)
  An ogre (D:6)
  An ice beast (D:5)
  2 phantoms (D:4)
  2 scorpions
  2 bombardier beetles (D:5)
  2 gnoll boudas
  3 hounds (D:4)
  An orc priest (D:6)
  A sleepcap (D:3)
  10 iguanas
  2 orc wizards
  9 gnolls
  7 adders
  2 shadow imps
  A dart slug (D:2)
  14 orcs
  10 ball pythons
  6 endoplasms
  3 giant cockroaches
  4 goblins
  9 hobgoblins
  3 jackals (D:5)
  8 kobolds
  10 quokkas
  3 bats
  4 frilled lizards
  2 rats
126 creatures vanquished.

Notes
Turn   | Place    | Note
-------+----------+-------------------------------------------
     0 | D:1      | greynaab the Octopode Berserker began the quest for the
                  | Orb.
     0 | D:1      | Reached XP level 1. HP: 16/16 MP: 1/1
    78 | D:1      | Reached XP level 2. HP: 21/21 MP: 2/2
   319 | D:1      | Reached ** piety under Trog
   320 | D:1      | Reached XP level 3. HP: 26/26 MP: 3/3
   841 | D:2      | Reached XP level 4. HP: 29/31 MP: 4/4
  1019 | D:3      | Reached skill level 1 in Shapeshifting
  1155 | D:3      | Reached skill level 1 in Unarmed Combat
  1283 | D:3      | Noticed Sigmund
  1357 | D:3      | Killed Sigmund
  1358 | D:3      | Reached skill level 2 in Shapeshifting
  1358 | D:3      | Reached XP level 5. HP: 36/36 MP: 5/5
  1358 | D:3      | Reached XP level 6. HP: 42/42 MP: 6/6
  1364 | D:3      | Reached skill level 3 in Shapeshifting
  1817 | D:4      | Noticed an orc warrior
  2143 | D:4      | Killed an orc warrior
  2144 | D:4      | Reached skill level 4 in Shapeshifting
  2144 | D:4      | Reached XP level 7. HP: 15/46 MP: 7/7
  2385 | D:4      | Found a staircase to the Ecumenical Temple.
  2498 | D:4      | Reached skill level 5 in Shapeshifting
  2961 | D:4      | Reached XP level 8. HP: 52/52 MP: 8/8
  3142 | D:4      | Identified a scroll of acquirement
  3143 | D:4      | Acquired the ring of Ragapuc {rN+ Str+4 Int+6 Dex+2}
  3183 | D:5      | Entered Level 5 of the Dungeon
  3650 | D:5      | Reached skill level 6 in Shapeshifting
  3795 | D:5      | Reached skill level 5 in Unarmed Combat
  4656 | D:6      | Found a snail-covered altar of Cheibriados.
  4711 | D:6      | Reached skill level 7 in Shapeshifting
  4765 | D:6      | Reached *** piety under Trog
  4999 | D:6      | Reached XP level 9. HP: 56/56 MP: 9/9
  5127 | D:6      | Noticed a troll
  5137 | D:6      | Killed a troll
  5138 | D:6      | Reached skill level 8 in Shapeshifting
  5252 | D:6      | Slain by a sky beast

Illustrated notes

Levels and vault maps discovered:
D:1:      dpeg_arrival_tiny_c, layout_rooms
D:2:      layout_rooms
D:3:      layout_basic, uniq_sigmund
D:4:      layout_cave_pods, temple_doors_e, minmay_manual_mail
D:5:      layout_basic, st_stairs_2
D:6:      kb_forest_paths, layout_basic, mainiacjoe_overflow_24_doors,
          nicolae_gozag_cash_rules_everything_around_me, serial_shops, shop,
          serial_co_window_serial, co_window_paths_a, co_window_paths_a,
          co_window_paths_b, co_window_corner_a, co_window_paths_b,
          co_window_corner_a, co_window_corner_ca, co_window_corner_ca,
          glass_columns_b, glass_columns_c, minmay_misc_feat_more_columns

Skill      XL: |  1  2  3  4  5  6  7  8  9 |
---------------+----------------------------+-----
Polearms       | 4 |  4.0
Shapeshifting  | 2 4 5 7 8 |  8.0
Unarmed Combat | 2 3 4 6 |  6.3
Dodging        | 4 |  4.0
Fighting       | |  3.0

Action                     |  1- 3 |  4- 6 |  7- 9 || total
---------------------------+-------+-------+-------++-------
  Melee: Spear             |    72 |       |       ||    72
         Tentacles         |    12 |    13 |    41 ||    66
         Constrict         |    12 |    15 |    45 ||    72
         Quarterstaff      |       |    60 |   165 ||   225
         Punch             |       |     1 |     6 ||     7
  Throw: Dart              |       |     3 |       ||     3
 Invoke: Berserk           |       |     4 |    11 ||    15
         Trog's Hand       |       |     3 |     1 ||     4
    Use: Scroll            |       |     4 |     3 ||     7
   Stab: Sleeping          |    10 |     5 |     5 ||    20
 Armour: Skin              |    13 |    32 |    72 ||   117
  Dodge: Dodged            |    19 |    37 |    92 ||   148
